 Dungeon Crawl Stone Soup version 0.25-a0-424-g80bd347ae0 (webtiles) character file.

Game seed: 14046193013906652791, levelgen mode: deterministic

376 Nattfarinn the Summoner (level 6, 0/32 HPs)
             Began as a Tengu Summoner on Jan 22, 2020.
             Slain by a bullfrog (6 damage)
             ... on level 6 of the Dungeon.
             The game lasted 00:18:15 (7246 turns).

Nattfarinn the Summoner (Tengu Summoner)            Turns: 7246, Time: 00:18:16

Health: 0/32       AC:  5    Str: 15    XL:     6   Next: 73%
Magic:  12/12      EV: 14    Int: 16    God:
Gold:   375        SH:  3    Dex: 14    Spells: 2/12 levels left

rFire    . . .     SeeInvis .   g - +1 dagger (holy)
rCold    . . .     Gourm    .   x - +0 buckler
rNeg     + . .     Faith    .   b - +1 robe {rN+}
rPois    .         Spirit   .   (helmet restricted)
rElec    .         Reflect  .   q - +1 cloak
rCorr    .         Harm     .   (no gloves)
MR       .....                  (boots unavailable)
Stlth    ++........             v - amulet of magic regeneration
HPRegen  0.10/turn              (no ring)
MPRegen  0.38/turn              (no ring)

@: mighty, flying quickly and evasively, quick
A: beak, talons 3, able to fly
a: Stop Flying


You were on level 6 of the Dungeon.
You were near starving.

You visited 1 branch of the dungeon, and saw 6 of its levels.
You also visited: Sewer.

You collected 375 gold pieces.

Inventory:

Hand Weapons
 g - a +1 dagger of holy wrath (weapon)
Armour
 a - a +0 robe
 b - a +1 robe of positive energy (worn)
 q - a +1 cloak (worn)
 x - a +0 buckler (worn)
Jewellery
 h - an uncursed ring of ice
 v - an amulet of magic regeneration (around neck)
Scrolls
 d - 2 scrolls of fog
 i - 3 scrolls of fear {unknown}
 k - 2 scrolls of immolation {unknown}
 o - 3 scrolls of magic mapping {unknown}
 p - 2 scrolls of teleportation {unknown}
 s - 3 scrolls of identify
 t - 6 scrolls of remove curse
 y - a scroll of blinking {unknown}
 B - a scroll of enchant weapon {unknown}
 C - a scroll of noise {unknown}
Potions
 e - 3 potions of brilliance
 f - a potion of invisibility
 j - a potion of curing
 l - a potion of agility {unknown}
 m - a potion of cancellation {unknown}
 n - a potion of mutation {unknown}
 r - 2 potions of haste {unknown}
 u - a potion of resistance
 w - 3 potions of might
 A - a potion of heal wounds {unknown}
Comestibles
 c - 6 rations


   Skills:
 - Level 2.1 Dodging
 - Level 2.0 Stealth
 + Level 0.2 Shields
 + Level 3.7 Spellcasting
 * Level 8.3 Summonings


You had 2 spell levels left.
You knew the following spells:

 Your Spells              Type           Power        Failure   Level  Hunger
a - Summon Small Mammal   Summ           ####         1%          1    None
b - Call Imp              Summ           ####....     1%          2    ##.....
c - Call Canine Familiar  Summ           ####....     2%          3    ###....
d - Summon Lightning Spi  Summ/Air       ###.....     45%         4    ####...

Your spell library contained the following spells:

 Spells                   Type           Power        Failure   Level  Hunger
 Summon Guardian Golem    Hex/Summ       ###.....     16%         3    ###....
 Summon Ice Beast         Ice/Summ       ###.....     45%         4    ####...


Dungeon Overview and Level Annotations

Branches:
Dungeon (6/15)              Sewer (visited)
 Temple: D:4-7

Altars:
Cheibriados
Dithmenos
Elyvilon
Trog


Innate Abilities, Weirdness & Mutations

You have a beak for a mouth.
You have claws for feet.
You can fly continuously.


Message History

You hit the bullfrog. Your kick misses the bullfrog.
The bullfrog is moderately wounded.
The bullfrog closely misses you.
The shadow imp laughs crazily.
The bullfrog closely misses you.
You hit the bullfrog.
You peck the bullfrog, but do no damage.
The bullfrog is heavily wounded.
You block the bullfrog's attack.
You hit the bullfrog.
The bullfrog is severely wounded.
The bullfrog closely misses you. The bullfrog hits you.
You feel very mighty all of a sudden. The bullfrog hits you.
You hit the bullfrog. Your kick misses the bullfrog.
The bullfrog is almost dead.
The bullfrog hits you!
* * * LOW HITPOINT WARNING * * *
The bullfrog hits you.
You die...

####
#############..#########
#<.....≈................
##.####≈###≈≈..#########
#.#.≈≈≈#.≈≈...#
#.≈≈..#.≈≈##..#########
###≈≈####...........#..
##≈≈≈##...........#..
###@FH5..........#..
###h...≈.......###
#...≈≈.......###
#....≈.........#
#...........#.....#
#........>.........
#..................
#.................#
########...........


You could see a hippogriff, a bullfrog, a hound and a shadow imp.

Vanquished Creatures
  2 orc wizards (D:5)
  2 adders
  A river rat (Sewer)
  An adder skeleton (D:4)
  A worm (D:2)
  2 dart slugs
  4 orcs
  5 giant cockroaches
  2 goblins
  4 hobgoblins
  3 quokkas
  3 ball pythons
  2 bats
  5 frilled lizards
  2 kobolds
  5 rats
44 creatures vanquished.

Vanquished Creatures (collateral kills)
  A phantom (D:5)
  An ogre (D:4)
  An orc priest (D:3)
  An iguana (D:5)
  2 orc wizards (D:4)
  Terence (D:2)
  4 adders
  3 river rats
  5 worms
  2 dart slugs
  11 orcs
  A bat (D:2)
  8 giant cockroaches
  3 goblins
  6 hobgoblins
  2 quokkas
  A ball python (Sewer)
  6 frilled lizards
  A kobold (D:1)
  A quokka skeleton (D:5)
  6 rats
67 creatures vanquished.

Grand Total: 111 creatures vanquished

Notes
Turn   | Place    | Note
-------+----------+-------------------------------------------
     0 | D:1      | Nattfarinn the Tengu Summoner began the quest for the Orb.
     0 | D:1      | Reached XP level 1. HP: 10/10 MP: 4/4
    48 | D:1      | Reached skill level 5 in Summonings
   396 | D:1      | Reached XP level 2. HP: 14/15 MP: 1/6
  1306 | D:2      | Learned a level 2 spell: Call Imp
  1407 | D:2      | You fall into a shaft and drop 1 floor!
  1421 | D:3      | Reached XP level 3. HP: 19/19 MP: 0/7
  1622 | D:3      | Reached skill level 6 in Summonings
  1865 | D:2      | Noticed Terence
  2007 | D:1      | Learned a level 3 spell: Call Canine Familiar
  2104 | D:2      | Killed Terence
  2104 | D:2      | Reached XP level 4. HP: 19/24 MP: 3/8
  2932 | D:2      | Found a white marble altar of Elyvilon.
  3686 | D:4      | Found a snail-covered altar of Cheibriados.
  3711 | D:4      | Gained mutation: You can fly continuously. [Tengu growth]
  3711 | D:4      | Reached XP level 5. HP: 28/28 MP: 10/10
  3729 | D:4      | Reached skill level 7 in Summonings
  3902 | D:4      | Found a shadowy altar of Dithmenos.
  4099 | D:4      | Noticed a moth of wrath
  4102 | D:4      | Found a bloodstained altar of Trog.
  4391 | D:4      | Noticed an ogre
  4404 | D:4      | Killed an ogre
  4504 | D:4      | Learned a level 4 spell: Summon Lightning Spire
  4606 | D:5      | Entered Level 5 of the Dungeon
  4718 | D:5      | Found a glowing drain.
  4865 | Sewer    | Entered a sewer
  5030 | Sewer    | Reached XP level 6. HP: 17/32 MP: 11/11
  5598 | D:5      | Reached skill level 8 in Summonings
  5889 | D:5      | Noticed a phantom
  5916 | D:5      | Killed a phantom
  7225 | D:6      | Noticed a hippogriff
  7246 | D:6      | Slain by a bullfrog

Levels and vault maps discovered:
D:1:      minmay_arrival_cross, layout_basic
D:2:      minmay_roachtagon, layout_loops_cross, lemuel_coloured_pillars_altar,
          first_ration, kennysheep_donut, kennysheep_generic_room_14,
          uniq_terence
D:3:      layout_rooms, kennysheep_generic_room_6
D:4:      layout_basic, kennysheep_mini, old_standard_altar, tgw_trog
D:5:      layout_layer_cave, portal_sewer_entry_e
D:6:      cheibrodos_helix_gallery, layout_basic, tgw_sif,
          minmay_temple_entry_gardened_gates, hangedman_decor_slide_cut,
          minmay_holes, kennysheep_nondescript, chequers_serial_rivers_small_b,
          grunt_dithmenos_smoke

Skill      XL: |  1  2  3  4  5  6 |
---------------+-------------------+-----
Summonings     | 5 6 7 8 |  8.3
Spellcasting   | 3 |  3.7
Dodging        | |  2.1
Stealth        | |  2.0
Shields        | |  0.2

Action                   |  1- 3 |  4- 6 || total
-------------------------+-------+-------++-------
Melee: Unarmed           |     6 |       ||     6
       Kick              |    11 |    35 ||    46
       Club              |     4 |       ||     4
       Dagger            |    27 |   167 ||   194
       Peck              |     1 |    27 ||    28
 Cast: Summon Small Mamm |    16 |       ||    16
       Call Imp          |    12 |     2 ||    14
       Call Canine Famil |     3 |    22 ||    25
 Abil: Fly               |       |     1 ||     1
  Use: Potion            |     1 |     4 ||     5
       Scroll            |       |     7 ||     7
 Stab: Sleeping          |     4 |     7 ||    11
       Distracted        |       |     1 ||     1
  Eat: Chunk             |     4 |    14 ||    18
       Ration            |       |     1 ||     1
Armor: Robe              |    14 |    44 ||    58
Dodge: Dodged            |    63 |   101 ||   164
Block: Buckler           |       |     7 ||     7

Table legend:
 A = Non-vault XP
 B = Vault XP
 C = Vault XP percentage of total XP
 D = Non-vault monster count
 E = Vault monster count
 F = Vault count percentage of total count
                 A         B        C        D         E       F
            +---------+---------+-------+---------+---------+-------
      Total |     412 |     126 |  23.4 |      67 |      44 |  39.6
            +---------+---------+-------+---------+---------+-------
        D:1 |      21 |       0 |   0.0 |      15 |       0 |   0.0
        D:2 |      26 |      33 |  55.9 |      12 |      12 |  50.0
        D:3 |      48 |       3 |   5.9 |      12 |       2 |  14.3
        D:4 |     130 |      12 |   8.5 |      16 |       5 |  23.8
        D:5 |     187 |      25 |  11.8 |      12 |       8 |  40.0
      Sewer |       0 |      53 | 100.0 |       0 |      17 | 100.0
            +---------+---------+-------+---------+---------+-------
